 Dungeon Crawl Stone Soup version 0.30-a0-777-ga9a30cbeda (webtiles) character file.

Game seed: 5887711312136741377

4 DEFE the Stinger (level 1, -1/15 HPs)
             Began as a Demonspawn Wanderer on Feb 14, 2023.
             Slain by a quokka (3 damage)
             ... on level 1 of the Dungeon.
             The game lasted 00:00:18 (79 turns).

DEFE the Stinger (Demonspawn Wanderer)                Turns: 79, Time: 00:00:18

Health: -1/15      AC:  3    Str: 14    XL:     1   Next: 58%
Magic:  2/2        EV: 11    Int: 13    God:
Gold:   0          SH:  0    Dex: 10    Spells: 1/2 levels left

rFire   . . .      SeeInvis .    a - +0 sling
rCold   . . .      Faith    .    (no shield)
rNeg    . . .      Spirit   .    d - +0 leather armour
rPois   .          Reflect  .    (no helmet)
rElec   .          Harm     .    (no cloak)
rCorr   .          Rampage  .    (no gloves)
Will    .....                    (no boots)
Stlth   +                        (no amulet)
HPRegen 0.22/turn                (no ring)
MPRegen 0.08/turn                (no ring)

@: no status effects
A: no striking features
a: no special abilities


You were on level 1 of the Dungeon.
You visited 1 branch of the dungeon, and saw 1 of its levels.

Inventory:

Hand Weapons
 a - a +0 sling (weapon)
Armour
 d - a +0 leather armour (worn)
Wands
 b - a wand of flame (6)
Scrolls
 c - a scroll of blinking
 e - a scroll of identify {unknown}


   Skills:
 + Level 1.2 Fighting
 - Level 1.7 Ranged Weapons
 - Level 1.7 Stealth
 - Level 1.0 Spellcasting
 - Level 3.0 Poison Magic
 - Level 2.0 Evocations


You had one spell level left.
You knew the following spells:

 Your Spells              Type           Power      Damage    Failure   Level
a - Sting                 Tmut/Pois      16%        1d3       19%         1

Your spell library contained the following spells:

 Spells                   Type           Power      Damage    Failure   Level
 Magic Dart               Conj           0%         1d3       34%         1
 Poisonous Vapours        Pois/Air       8%         N/A       28%         2
 Searing Ray              Conj           0%         2d4       47%         2
 Olgreb's Toxic Radiance  Pois           8%         N/A       71%         4
 Fulminant Prism          Conj/Hex       0%         3d5       98%         4


Dungeon Overview and Level Annotations

Branches:
Dungeon (1/15)

Altars:


Message History

The quokka barely misses you.
The quokka bites you but does no damage.
You shoot a sling bullet.
The sling bullet closely misses the quokka.
The quokka bites you but does no damage.
The quokka closely misses you.
You shoot a sling bullet. The sling bullet hits the quokka.
The quokka completely misses you.
You shoot a sling bullet.
The sling bullet barely misses the quokka.
The quokka misses you. The quokka bites you.
You take 3 damage, and have 11/15 hp.
You shoot a sling bullet.
The sling bullet hits the quokka but does no damage.
The quokka bites you but does no damage.
The quokka bites you.
You take 2 damage, and have 9/15 hp.
You shoot a sling bullet.
The sling bullet barely misses the quokka.
The quokka closely misses you.
You shoot a sling bullet.
The sling bullet barely misses the quokka.
The quokka bites you. x2
* * * LOW HITPOINT WARNING * * *
You take 7 damage, and have 3/15 hp.
MASSIVE DAMAGE!!
You shoot a sling bullet.
The sling bullet closely misses the quokka.
The quokka bites you.
* * * LOW HITPOINT WARNING * * *
The quokka closely misses you.
You take 2 damage, and have 1/15 hp.
You shoot a sling bullet.
The sling bullet barely misses the quokka.
The quokka barely misses you.
Unknown command.
You shoot a sling bullet.
The sling bullet barely misses the quokka.
The quokka bites you.
You die...
PP#

~P# .# #...........# P
.# #...........# .#
#...........# .#
#...........# ###.#
#......!....## #...####
#...$......... ##......#
#..(..r.....#.
....†##.### ##†@.......
###.##....####..........
#....##.>.............
#######..#.)..........
##.#.....##:....
#.#.....# ..##.
#.#....># .# ..#######
.# ..#


You could see a quokka.

Vanquished Creatures
  A ball python (D:1)
  A giant cockroach (D:1)
  A goblin (D:1)
  A rat (D:1)
4 creatures vanquished.

Notes
Turn   | Place    | Note
-------+----------+-------------------------------------------
     0 | D:1      | DEFE the Demonspawn Wanderer began the quest for the Orb.
     0 | D:1      | DEFE set off with the following items: a +0 sling, a wand
                  | of flame (6), a scroll of blinking, a +0 leather armour;
                  | and the following spell memorised: Sting; and the following
                  | spells available to memorise: Poisonous Vapours, Olgreb's
                  | Toxic Radiance.
     0 | D:1      | Reached XP level 1. HP: 13/13 MP: 2/2
    42 | D:1      | Reached skill level 1 in Fighting
    79 | D:1      | Slain by a quokka

Illustrated notes

Levels and vault maps discovered:
D:1:      psy_arrival_conway, layout_basic, shapermc_ecumenical_altar_notcrosses

Skill      XL: |  1 |
---------------+----+-----
Fighting       | 1 |  1.2
Ranged Weapons | |  1.7
Stealth        | |  1.7
Spellcasting   | |  1.0
Poison Magic   | |  3.0
Evocations     | |  2.0

Action                     || total
---------------------------++-------
   Fire: Sling             ||    30
 Armour: Leather armour    ||     3
  Dodge: Dodged            ||    10

Table legend: (Time is in decaauts)
 A = Elapsed time spent in this place.
 B = Non-inter-level travel time spent in this place.
 C = Inter-level travel time spent in this place.
 D = Time resting spent in this place.
 E = Time spent auto-exploring this place.
 F = Levels seen in this place.
 G = Mean time per level.
                   A        B        C        D        E       F      G
               +--------+--------+--------+--------+--------+-----+--------+
         Total |     91 |     91 |      0 |      0 |     43 |   1 |   91.0 |
       Dungeon |     91 |     91 |      0 |      0 |     43 |   1 |   91.0 |
               +--------+--------+--------+--------+--------+-----+--------+

Top non-repeatable levels by time:
     D:1: 91 daAuts
